Map: Lerilak Crest

Players

LilDicky

  • Race: Zerg Zerg
  • League: Diamond

infinitaGhul - Winner!

  • Race: Zerg Zerg
  • League: Gold

VOD

http://www.twitch.tv/tumescentpie

Description

Time

  • Played on: Nov. 26, 2015, 9:38 a.m.
  • Length: 6:27
Show
View Real Time Build Order
Export as new Build Order

LilDicky Zerg 

Build Orders: Pool First 

Get SALT Encoding   

  12  0:03  Drone  
  13  0:08  Drone  
  14  0:27  Spawning Pool  
  13  0:30  Drone  
  14  0:42  Drone, Extractor  
  14  0:45  Overlord  
  14  0:54  Drone, Extractor  
  15  1:14  Queen  
  15  1:15  Drone  
  15  1:17  Overlord  
  18  1:22  Zergling x2  
  19  1:40  Zergling x2  
  19  1:41  Zergling x2  
  19  1:45  Metabolic Boost  
  21  1:50  Zergling x2  
  22  2:05  Zergling x2  
  23  2:11  Zergling x2  
  24  2:21  Zergling x2  
  25  2:23  Zergling x6  
  28  2:47  Zergling x2  
  28  2:48  Zergling x2  
  30  2:57  Overlord  
  20  3:41  Zergling x12  
  24  3:59  Spine Crawler x3  
  17  4:19  Zergling x2  
  17  4:20  Zergling x4  
  19  4:37  Zergling x2  
  19  4:38  Zergling x2  
  19  4:46  Zergling x4  
  19  4:51  Hatchery, Queen  
  22  4:53  Hatchery  
  21  5:03  Zergling x2  
  16  5:29  Drone x4  
  20  5:40  Drone  
  20  5:41  Drone x3  
  22  6:04  Drone  
  22  6:10  Roach Warren  
  22  6:11  Extractor  
Show
View Real Time Build Order
Export as new Build Order

infinitaGhul Zerg - Winner!

Build Orders: Pool First, Zergling Baneling 

Get SALT Encoding   

  12  0:01  Drone  
  13  0:08  Drone  
  14  0:16  Overlord  
  14  0:35  Drone x3  
  16  0:38  Extractor  
  16  0:47  Spawning Pool  
  15  0:50  Drone  
  16  0:59  Drone  
  17  1:07  Drone  
  18  1:18  Drone  
  19  1:28  Overlord  
  19  1:34  Queen  
  19  1:39  Zergling x2  
  22  1:50  Zergling x2  
  23  2:03  Hatchery, Zergling x2  
  23  2:08  Metabolic Boost  
  23  2:14  Drone  
  23  2:15  Baneling Nest  
  22  2:32  Zergling x2  
  22  2:51  Zergling x8  
  26  2:59  Zergling x2  
  28  3:14  Baneling x5  
  22  3:47  Zergling x8  
  22  3:48  Zergling x2  
  27  3:50  Queen  
  29  4:00  Baneling x2  
  29  4:02  Hatchery  
  21  4:39  Zergling x6  
  23  4:50  Zergling x2  
  24  4:58  Baneling  
  24  4:59  Baneling x5  
  21  5:19  Zergling x2  
  21  5:20  Zergling x8  
  24  5:32  Zergling x2  
  24  5:33  Zergling x4  
  27  5:37  Queen  
  27  5:38  Zergling x2  
  30  5:46  Drone x2  
  32  5:53  Roach Warren  
  32  5:54  Drone  
Tags
 
Add a new tag
Caveats
  • Supply blocks, unpowered buildings, or Contaminate may cause inaccurate times.
  • Supply counts are checked every 10 seconds.